Map: Acolyte LE

Players

MaNa - Winner!

  • Race: Protoss Protoss
  • Spawn Location: 1:00

Pono

  • Race: Zerg Zerg
  • Spawn Location: 7:00

Event: WCS Montreal 2017

VOD

Have the link to the VOD?

Description

Time

  • Played on: Sept. 8, 2017, 11:27 a.m.
  • Length: 10:58

All games in this series

Show
View Real Time Build Order
Export as new Build Order

MaNa Protoss - Winner!

Build Orders: 1 Gate Expand, Oracle Opening 

Get SALT Encoding   

  12  0:00  Probe (Chrono Boost)  
  13  0:11  Probe (Chrono Boost)  
  14  0:20  Pylon  
  14  0:22  Probe (Chrono Boost)  
  15  0:39  Probe (Chrono Boost)  
  15  0:41  Gateway  
  16  0:47  Assimilator  
  16  0:49  Probe (Chrono Boost)  
  17  1:00  Probe (Chrono Boost)  
  18  1:10  Probe (Chrono Boost)  
  19  1:21  Probe (Chrono Boost)  
  20  1:30  Nexus  
  20  1:35  Cybernetics Core  
  20  1:38  Probe (Chrono Boost)  
  21  1:43  Assimilator  
  21  1:49  Probe (Chrono Boost)  
  21  1:53  Pylon  
  22  2:01  Probe (Chrono Boost)  
  23  2:11  Probe (Chrono Boost)  
  23  2:14  Adept  
  26  2:22  Stargate, Probe (Chrono Boost)  
  27  2:30  Warp Gate  
  27  2:33  Probe (Chrono Boost)  
  28  2:41  Adept, Pylon  
  30  2:44  Probe (Chrono Boost)  
  30  2:46  Probe (Chrono Boost)  
  31  2:53  Pylon  
  31  2:55  Probe (Chrono Boost)  
  32  2:59  Probe (Chrono Boost)  
  32  3:05  Probe (Chrono Boost), Oracle (Chrono Boost)  
  33  3:09  Probe  
  38  3:15  Adept  
  38  3:18  Probe  
  38  3:19  Probe  
  41  3:26  Gateway  
  42  3:30  Probe  
  42  3:34  Probe  
  44  3:42  Probe, Void Ray (Chrono Boost)  
  44  3:48  Probe  
  49  3:53  Gateway  
  49  3:54  Probe  
  49  3:57  Assimilator  
  49  4:01  Probe  
  49  4:06  Probe  
  49  4:08  Stargate  
  49  4:09  Assimilator  
  51  4:12  Probe  
  52  4:18  Probe  
  52  4:22  Probe  
  54  4:25  Pylon  
  54  4:37  Nexus  
  54  4:43  Gateway  
  54  4:51  Pylon  
  54  5:07  Probe  
  54  5:09  Probe, Oracle (Chrono Boost)  
  54  5:10  Oracle (Chrono Boost)  
  62  5:22  Pylon  
  62  5:27  Twilight Council, Forge  
  62  5:29  Forge  
  62  5:40  Probe x2  
  62  5:41  Oracle x2 (Chrono Boost)  
  62  5:42  Pylon  
  70  5:45  Pylon  
  70  5:53  Probe x2  
  70  5:54  Probe  
  70  5:56  Protoss Ground Weapons Level 1 (Chrono Boost)  
  73  6:01  Protoss Ground Armor Level 1 (Chrono Boost), Gateway  
  73  6:02  Gateway  
  73  6:03  Charge (Chrono Boost)  
  73  6:05  Probe x2 (Chrono Boost)  
  73  6:08  Gateway  
  73  6:10  Probe (Chrono Boost)  
  76  6:16  Probe x2 (Chrono Boost)  
  76  6:17  Oracle  
  81  6:21  Probe (Chrono Boost)  
  82  6:31  Probe x2 (Chrono Boost)  
  82  6:32  Probe (Chrono Boost)  
  85  6:39  Assimilator  
  85  6:42  Gateway  
  85  6:43  Assimilator, Gateway  
  85  6:45  Pylon  
  85  6:46  Gateway  
  85  6:52  Probe x3 (Chrono Boost)  
  88  6:57  Oracle x2 (Chrono Boost)  
  94  7:06  Templar Archives  
  94  7:07  Probe x3  
  97  7:12  Sentry  
  97  7:13  Zealot x4  
  107  7:16  Pylon  
  107  7:19  Probe  
  107  7:22  Pylon  
  108  7:25  Pylon  
  108  7:31  Oracle (Chrono Boost)  
  108  7:34  Oracle (Chrono Boost)  
  114  7:49  Nexus  
  114  7:52  Pylon  
  114  7:54  Protoss Ground Weapons Level 2 (Chrono Boost), Pylon  
  114  7:55  Zealot, Protoss Ground Armor Level 2 (Chrono Boost)  
  116  8:04  Pylon  
  116  8:14  Photon Cannon  
  116  8:16  Photon Cannon x2  
  116  8:24  High Templar x3  
  116  8:25  High Templar  
  124  8:29  Oracle  
  124  8:30  Assimilator, Archon  
  124  8:31  Zealot x5, Archon  
  124  8:34  Assimilator, Zealot  
  137  8:38  Probe x3  
  142  8:45  Gateway  
  142  8:46  Photon Cannon  
  142  8:54  High Templar x2  
  146  9:02  Zealot x5, Archon  
  152  9:32  High Templar x2  
  152  9:33  High Templar x3  
  152  9:34  High Templar, Zealot x2  
  152  9:35  Zealot x2  
  172  9:42  Archon x3  
  172  9:49  Pylon  
  172  9:50  Pylon  
  172  9:52  Pylon  
  172  9:53  Robotics Facility  
  172  9:56  Robotics Facility  
  172  9:57  Pylon  
  172  10:18  Zealot x7  
  172  10:19  Zealot x3  
  176  10:40  Zealot x9  
  176  10:41  Zealot  
Show
View Real Time Build Order
Export as new Build Order

Pono Zerg 

Build Orders: Hatch First 

Get SALT Encoding   

  12  0:00  Drone  
  13  0:12  Overlord  
  13  0:17  Drone  
  14  0:30  Drone x2  
  14  0:34  Drone  
  17  0:55  Hatchery  
  17  0:56  Drone  
  17  1:00  Drone  
  18  1:19  Spawning Pool  
  18  1:20  Drone  
  18  1:21  Drone  
  18  1:24  Extractor  
  18  1:37  Drone  
  18  1:39  Drone  
  20  1:58  Overlord  
  20  2:05  Zergling x2  
  20  2:06  Queen  
  20  2:07  Queen  
  25  2:10  Drone  
  25  2:11  Drone  
  27  2:17  Drone  
  27  2:21  Drone  
  29  2:25  Metabolic Boost  
  29  2:48  Drone x3  
  29  2:49  Drone  
  29  2:51  Extractor  
  32  2:52  Drone  
  33  3:04  Overlord  
  33  3:07  Hatchery  
  33  3:09  Spore Crawler  
  33  3:10  Spore Crawler  
  30  3:15  Queen  
  31  3:28  Zergling x8  
  31  3:33  Drone  
  35  3:34  Drone  
  35  3:45  Spore Crawler  
  35  3:48  Zergling x6  
  35  3:56  Drone x2  
  35  3:57  Drone  
  39  4:04  Drone x3  
  39  4:05  Drone  
  43  4:10  Overlord  
  41  4:28  Drone x6  
  41  4:29  Drone  
  47  4:44  Drone  
  47  4:45  Drone x3  
  50  4:46  Spore Crawler  
  50  4:47  Drone  
  50  4:50  Spore Crawler  
  46  5:10  Drone  
  46  5:11  Drone x2  
  46  5:12  Overlord x3  
  49  5:21  Overlord  
  49  5:25  Lair  
  49  5:28  Overlord, Extractor  
  49  5:29  Drone  
  49  5:30  Drone x3  
  49  5:33  Drone x2  
  49  5:34  Drone x4  
  49  5:35  Drone  
  58  5:39  Baneling Nest  
  57  5:43  Drone x3  
  57  5:47  Spore Crawler  
  57  5:48  Drone x2  
  61  5:59  Pneumatized Carapace  
  61  6:08  Drone x4  
  61  6:09  Zergling x2  
  61  6:10  Zergling x10  
  71  6:19  Spore Crawler  
  71  6:25  Queen  
  70  6:30  Drone x6  
  74  6:38  Hydralisk Den  
  73  6:40  Zergling x2  
  73  6:41  Zergling x12  
  80  6:55  Spore Crawler, Centrifical Hooks  
  80  6:57  Spore Crawler  
  80  6:59  Overlord  
  80  7:00  Spore Crawler, Overlord x3  
  77  7:14  Muscular Augments  
  77  7:18  Hydralisk  
  77  7:19  Hydralisk x8  
  77  7:20  Hydralisk x2  
  99  7:41  Drone x4  
  99  7:43  Overlord x3  
  103  7:50  Evolution Chamber, Hatchery  
  100  7:55  Hydralisk x2  
  104  8:03  Hydralisk  
  104  8:04  Hydralisk x5  
  113  8:12  Hydralisk x4  
  113  8:28  Zergling x16  
  121  8:39  Overlord x4  
  121  8:41  Extractor, Drone  
  120  8:42  Extractor, Drone  
  120  8:44  Extractor  
  120  8:45  Overlord x3  
  120  8:46  Overlord  
  120  9:07  Hydralisk x9  
  136  9:27  Drone x4  
  136  9:28  Drone x7  
  137  9:35  Extractor  
  137  9:38  Hatchery  
  135  9:44  Hatchery  
  135  9:58  Hydralisk  
  135  9:59  Hydralisk x7  
  151  10:13  Hydralisk x2  
  151  10:25  Zergling x20  
  159  10:36  Zergling x8  
  159  10:37  Nydus Network  
Tags
 
Add a new tag
Caveats
  • Supply blocks, unpowered buildings, or Contaminate may cause inaccurate times.
  • Supply counts are checked every 10 seconds.